[Event "Titled Tuesday Blitz August 31 2021"]
[White "Ivanchuk, Vasyl"]
[Black "Dzagnidze, Nana"]
[WhiteFideId "14100010"]
[BlackFideId "13601903"]
[WhiteElo "2710"]
[BlackElo "2391"]
[Result "1-0"]
[Round "09"]
[TimeControl "180+1"]
[Date "2021.08.31"]
[WhiteClock "0:00:59"]
[BlackClock "0:00:02"]

1. d4 Nf6 2. c4 e6 3. Nc3 Bb4 4. Nf3 O-O 5. Bd2 d5 6. a3 Be7 7. e3 b6 8. cxd5 exd5 9. Ne5 c5 10. Bd3 Bb7 11. O-O Nc6 12. Be1 cxd4 13. Nxc6 Bxc6 14. exd4 Ne4 15. Rc1 Bb7 16. f3 Nxc3 17. Bxc3 Bf6 18. Re1 g6 19. Rc2 Qd7 20. Rce2 Rfe8 21. Qd2 Bc6 22. Qf4 Bg7 23. Kf2 h5 24. Rxe8+ Rxe8 25. Rxe8+ Qxe8 26. Qd6 Bf8 27. Qc7 Bh6 28. Qe5 Bg7 29. Qxe8+ Bxe8 30. Ke3 Bd7 31. Bb4 Bh6+ 32. f4 Bf8 33. Bxf8 Kxf8 34. f5 g5 35. f6 Ke8 36. g3 Bh3 37. Bb5+ Kd8 38. Bc6 Bg2 39. h4 gxh4 40. gxh4 Bh1 41. Kf4 1-0


[Site "https://www.chess.com"]

[Event "Titled Tuesday Blitz August 31 2021"]
[White "Jakubowski, Krzysztof"]
[Black "Devaev, Alexander"]
[WhiteFideId "1112848"]
[BlackFideId "4169395"]
[WhiteElo "2414"]
[BlackElo "2185"]
[Result "1-0"]
[Round "09"]
[TimeControl "180+1"]
[Date "2021.08.31"]
[WhiteClock "0:00:20"]
[BlackClock "0:00:05"]

1. e4 c6 2. d4 d5 3. e5 Bf5 4. Nf3 e6 5. Be2 Nd7 6. O-O h6 7. Nbd2 Bh7 8. Nb3 Ne7 9. a4 a5 10. Bd2 b6 11. Rc1 g5 12. c4 dxc4 13. Bxc4 Nd5 14. h3 Be7 15. Nh2 Bg6 16. Be2 Rc8 17. Bh5 Nf8 18. Kh1 Bxh5 19. Qxh5 Ng6 20. g3 Kf8 21. Kg1 Kg7 22. Rc4 f5 23. exf6+ Nxf6 24. Qe2 Qd5 25. Re1 Kf7 26. Bc3 b5 27. axb5 cxb5 28. Rxc8 Rxc8 29. Nc5 b4 30. Bd2 Bxc5 31. dxc5 Rxc5 32. Nf3 Qc4 33. Qe3 a4 34. Rc1 Qxc1+ 35. Bxc1 Rc6 36. Bd2 Nd5 37. Qa7+ Nge7 38. Qxa4 Rc8 39. Ne5+ Kf6 40. Nd7+ Kf7 41. Qa6 Rc6 42. Ne5+ 1-0


[Site "https://www.chess.com"]

[Event "Titled Tuesday Blitz August 31 2021"]
[White "Jaracz, Pawel"]
[Black "Kuzubov, Yuriy"]
[WhiteFideId "1102222"]
[BlackFideId "14112906"]
[WhiteElo "2495"]
[BlackElo "2564"]
[Result "1/2-1/2"]
[Round "09"]
[TimeControl "180+1"]
[Date "2021.08.31"]
[WhiteClock "0:00:02"]
[BlackClock "0:00:04"]

1. d4 Nf6 2. c4 e6 3. Nc3 d5 4. cxd5 exd5 5. Bg5 c6 6. e3 Bd6 7. Bd3 Nbd7 8. Qc2 h6 9. Bh4 O-O 10. Nf3 Qc7 11. O-O Ng4 12. Bg3 Bxg3 13. hxg3 Ndf6 14. b4 Bd7 15. Ne2 Qd6 16. Qc5 Ne8 17. Nf4 g6 18. Rfc1 Qf6 19. b5 Nd6 20. bxc6 bxc6 21. Rab1 Rfe8 22. Rb2 Ne4 23. Bxe4 dxe4 24. Nh2 Nxh2 25. Kxh2 g5 26. Nh3 Kg7 27. Rb7 Bxh3 28. Kxh3 Qxf2 29. Qc4 Qf5+ 30. g4 Qg6 31. Rf1 Rf8 32. Qc5 h5 33. Qe5+ Kg8 34. Rf6 hxg4+ 35. Kxg4 Qg7 36. Re7 Rad8 37. Rxc6 f5+ 38. Kh5 Qxe5 39. Rg6+ Kh8 40. Rxe5 f4 41. Rh6+ Kg7 42. Rxg5+ Kf7 43. Rf5+ Ke7 44. Re5+ Kd7 45. Rxe4 fxe3 46. Rxe3 Rf5+ 47. Kg4 Ra5 48. Re2 Kc8 49. Rd2 Rg8+ 50. Kf3 Ra3+ 51. Ke4 Rag3 52. d5 Rxg2 53. Rxg2 Rxg2 54. a4 Kc7 55. Ke5 Re2+ 56. Kd4 Ra2 57. Kc5 Rc2+ 58. Kb5 Rd2 59. Rc6+ Kd7 60. Kc5 Rc2+ 61. Kb5 Rd2 62. Rc5 Kd6 63. Rc8 Rxd5+ 64. Ka6 Kd7 65. Rc3 Rd4 66. a5 Rd5 67. Kxa7 Rxa5+ 68. Kb6 Rd5 69. Rc5 Rxc5 70. Kxc5 1/2-1/2


[Site "https://www.chess.com"]

[Event "Titled Tuesday Blitz August 31 2021"]
[White "Jovic, Stanoje"]
[Black "Dronavalli, Harika"]
[WhiteFideId "905020"]
[BlackFideId "5015197"]
[WhiteElo "2286"]
[BlackElo "2422"]
[Result "0-1"]
[Round "09"]
[TimeControl "180+1"]
[Date "2021.08.31"]
[WhiteClock "0:00:01"]
[BlackClock "0:00:21"]

1. c4 Nf6 2. g3 g6 3. Bg2 Bg7 4. Nc3 O-O 5. Nf3 c6 6. O-O d6 7. d3 e5 8. Rb1 a5 9. a3 Re8 10. e4 Bg4 11. h3 Bxf3 12. Bxf3 Nbd7 13. b4 axb4 14. axb4 Nf8 15. Be3 Ne6 16. Qd2 Nd4 17. Bxd4 exd4 18. Ne2 Nd7 19. Ra1 Rxa1 20. Rxa1 h5 21. h4 Ne5 22. Bg2 Qf6 23. Ra7 Re7 24. Nxd4 Nxc4 25. dxc4 Qxd4 26. Qxd4 Bxd4 27. Ra8+ Kg7 28. Rd8 Re6 29. Rd7 Rf6 30. Rxb7 Bxf2+ 31. Kh2 Bd4 32. b5 cxb5 33. cxb5 Rf2 34. Kh3 Rb2 35. e5 dxe5 36. Bd5 Rf2 37. b6 Rf6 38. Re7 Bxb6 39. Rxe5 Rd6 40. Bf3 Rd3 41. Kg2 Rd2+ 42. Re2 Rd3 43. Rc2 Bd4 44. Re2 Bf6 45. Rc2 Be5 46. Re2 Kf6 47. Rc2 Ra3 48. Rc6+ Kg7 49. Rc2 f6 50. Re2 Kh6 51. Re1 Ra2+ 52. Re2 Ra3 53. Re1 Rc3 54. Re2 Rc5 55. Re1 g5 56. hxg5+ fxg5 57. Rh1 Rc2+ 58. Kf1 g4 59. Bd1 Rb2 60. Rg1 Kg5 61. Rg2 Rb1 62. Ke2 Ra1 63. Bc2 Ra3 64. Bd3 Ra2+ 65. Kf1 Ra1+ 66. Ke2 Bc3 67. Bc2 Be5 68. Bd3 Ra7 69. Rf2 Bxg3 70. Rf5+ Kh4 71. Rf8 Re7+ 72. Kd1 Re5 73. Rh8 Rd5 74. Ke2 Re5+ 75. Kd1 Bf2 76. Bg6 g3 77. Bf7 g2 0-1


[Site "https://www.chess.com"]

[Event "Titled Tuesday Blitz August 31 2021"]
[White "Kamsky, Gata"]
[Black "Xiong, Jeffery"]
[WhiteFideId "2000024"]
[BlackFideId "2047640"]
[WhiteElo "2644"]
[BlackElo "2724"]
[Result "0-1"]
[Round "09"]
[TimeControl "180+1"]
[Date "2021.08.31"]
[WhiteClock "0:00:03"]
[BlackClock "0:00:07"]

1. e4 e6 2. d4 d5 3. exd5 exd5 4. Nf3 Bd6 5. c4 Nf6 6. Nc3 O-O 7. cxd5 Nbd7 8. Bd3 Nb6 9. O-O Nbxd5 10. h3 h6 11. Qb3 c6 12. Re1 Qb6 13. Qa4 Be6 14. Bd2 Rfe8 15. Rab1 Qc7 16. Rbc1 a6 17. Bb1 Rad8 18. a3 Bf4 19. Qc2 Bxd2 20. Qxd2 Qf4 21. Qd3 g6 22. Ne2 Qc7 23. Qd2 Kg7 24. b4 Qc8 25. Ng3 Qb8 26. Ne5 Ne7 27. h4 Qa7 28. Ne2 Nf5 29. Nf3 Bc8 30. Qb2 Nd5 31. Ne5 Nxh4 32. Ng3 Nf6 33. Ba2 Be6 34. d5 cxd5 35. Rc7 Qb6 36. Rec1 Rc8 37. Rxc8 Rxc8 38. Rxc8 Bxc8 39. Bxd5 Be6 40. Nc4 Qc7 41. Bxe6 fxe6 42. Qd4 Nf5 43. Nxf5+ gxf5 44. Nd6 Qc1+ 45. Kh2 Kg6 46. f3 Nd5 47. Nxb7 Qc7+ 48. Kg1 Qxb7 49. Qh8 Nf6 50. Qd8 Kf7 51. Qd2 Qb6+ 52. Kh1 Kg6 53. a4 Nd5 54. b5 axb5 55. axb5 Qxb5 56. Qe1 Kf7 57. Qc1 f4 58. Kh2 Qb8 59. Qc6 Qe5 60. Qd7+ Ne7 61. Qb7 Qh5+ 62. Kg1 Qd5 63. Qc7 Qd4+ 64. Kh2 h5 65. Qb7 Qf2 66. Qc7 Qh4+ 67. Kg1 Qe1+ 68. Kh2 Qg3+ 69. Kh1 h4 70. Qe5 h3 71. Qh5+ Ng6 72. gxh3 Kf6 0-1


[Site "https://www.chess.com"]

[Event "Titled Tuesday Blitz August 31 2021"]
[White "Karttunen, Mika"]
[Black "Perera Alfonso, Rene Humberto"]
[WhiteFideId "502081"]
[BlackFideId "3514722"]
[WhiteElo "2343"]
[BlackElo "2313"]
[Result "0-1"]
[Round "09"]
[TimeControl "180+1"]
[Date "2021.08.31"]
[WhiteClock "0:00:02"]
[BlackClock "0:00:33"]

1. e4 c5 2. Nf3 d6 3. d4 cxd4 4. Nxd4 Nf6 5. Nc3 g6 6. f3 a6 7. Be3 e5 8. Nb3 h5 9. Qd2 Be6 10. Nd5 Bxd5 11. exd5 Nbd7 12. O-O-O Bg7 13. Qb4 Qc7 14. Na5 O-O 15. Nc4 Ne8 16. Nb6 Nxb6 17. Bxb6 Qd7 18. Bd3 Nf6 19. c4 Rfc8 20. Kb1 e4 21. Bxe4 Nxe4 22. fxe4 Qg4 23. Qd2 Qxe4+ 24. Qd3 Qxc4 25. Qxc4 Rxc4 26. Rc1 Rb4 27. Ba5 Rxb2+ 28. Ka1 Rb3+ 29. Bc3 Bxc3+ 30. Rxc3 Rxc3 0-1


[Site "https://www.chess.com"]

[Event "Titled Tuesday Blitz August 31 2021"]
[White "Khoroshev, Nikita"]
[Black "Dolzhykova, Kateryna"]
[WhiteFideId "14200287"]
[BlackFideId "14113414"]
[WhiteElo "2328"]
[BlackElo "2180"]
[Result "1-0"]
[Round "09"]
[TimeControl "180+1"]
[Date "2021.08.31"]
[WhiteClock "0:00:14"]
[BlackClock "0:00:11"]

1. e4 c5 2. Nf3 Nc6 3. Bb5 g6 4. h4 Nf6 5. d3 Bg7 6. Nc3 d6 7. e5 Ng4 8. exd6 Qxd6 9. Ne4 Qc7 10. Bd2 b6 11. h5 Bd7 12. h6 Bxb2 13. Rb1 Bf6 14. Nxf6+ exf6 15. Bc3 a6 16. Bc4 Nge5 17. Bd5 O-O 18. Nxe5 fxe5 19. Qf3 Qd6 20. Rxb6 Rab8 21. Rxb8 Nxb8 22. Kd2 Bc6 23. Bxc6 Nxc6 24. Re1 Nd4 25. Qe4 f6 26. Qb7 Rf7 27. Qe4 Qf8 28. Rh1 Rd7 29. Qg4 f5 30. Qg3 c4 31. Qxe5 Qd6 32. Qe8+ Qf8 33. Qxd7 cxd3 34. Qxd4 Qa3 35. Qg7# 1-0


[Site "https://www.chess.com"]

[Event "Titled Tuesday Blitz August 31 2021"]
[White "Khusnutdinov, Rustam"]
[Black "Quintiliano Pinto, Renato R."]
[WhiteFideId "13701703"]
[BlackFideId "2117568"]
[WhiteElo "2571"]
[BlackElo "2439"]
[Result "1-0"]
[Round "09"]
[TimeControl "180+1"]
[Date "2021.08.31"]
[WhiteClock "0:00:15"]
[BlackClock "0:00:02"]

1. d4 d5 2. c4 c6 3. Nc3 Nf6 4. e3 e6 5. Nf3 Nbd7 6. Bd3 dxc4 7. Bxc4 b5 8. Bb3 b4 9. Ne2 Bd6 10. O-O O-O 11. Qc2 c5 12. Rd1 Bb7 13. Ng3 Qb6 14. Qe2 Rac8 15. Bd2 Ba6 16. Bc4 Bxc4 17. Qxc4 cxd4 18. Qxd4 Rc2 19. Rab1 Rcc8 20. Be1 Be7 21. Rbc1 Nd5 22. e4 N5f6 23. Qxb6 Nxb6 24. Nd4 Nc4 25. b3 Nb2 26. Rxc8 Rxc8 27. Rb1 Nd3 28. Rd1 Nxe1 29. Rxe1 g6 30. Kf1 e5 31. Nf3 Rc2 32. Re2 Rc1+ 33. Re1 Rc2 34. Re2 Rc1+ 35. Ne1 Bc5 36. Rc2 Rxc2 37. Nxc2 Ng4 38. f3 Nf6 39. Ke2 Ne8 40. Kd3 Nd6 41. Nf1 f6 42. Nfe3 Kf7 43. Nc4 Nb5 44. Na5 Ke6 45. Kc4 Nd4 46. Nxd4+ Bxd4 47. Nc6 Bg1 48. h3 f5 49. Nxb4 fxe4 50. fxe4 Kf6 51. Kd5 h5 52. Nc6 1-0


[Site "https://www.chess.com"]

[Event "Titled Tuesday Blitz August 31 2021"]
[White "Kobalia, Mikhail"]
[Black "Visakh N R"]
[WhiteFideId "4119150"]
[BlackFideId "25012223"]
[WhiteElo "2569"]
[BlackElo "2428"]
[Result "1-0"]
[Round "09"]
[TimeControl "180+1"]
[Date "2021.08.31"]
[WhiteClock "0:00:20"]
[BlackClock "0:00:28"]

1. e4 e5 2. Nf3 Nc6 3. Bb5 Nf6 4. O-O Nxe4 5. d4 Nd6 6. Bxc6 dxc6 7. dxe5 Nf5 8. Qxd8+ Kxd8 9. Rd1+ Ke8 10. Nc3 h5 11. Bg5 Be6 12. Rd2 Be7 13. Re1 Rd8 14. Rxd8+ Kxd8 15. Rd1+ Kc8 16. Bxe7 Nxe7 17. Ng5 Nd5 18. Nxe6 Nxc3 19. bxc3 fxe6 20. f4 Rg8 21. h4 Rd8 22. Rxd8+ Kxd8 23. Kf2 Ke7 24. g4 g6 25. Kf3 b5 26. gxh5 gxh5 27. Ke4 c5 28. f5 exf5+ 29. Kxf5 a5 30. Kg5 c4 31. Kxh5 c5 32. Kg5 b4 33. h5 a4 34. h6 b3 35. cxb3 cxb3 36. axb3 axb3 37. h7 b2 38. h8=Q b1=Q 39. Qf6+ Kd7 40. Qd6+ Kc8 41. Qxc5+ Kd7 42. Qd6+ Kc8 43. Qf8+ Kc7 44. Qf7+ Kc6 45. Qe6+ Kc7 46. Qf5 Qc1+ 47. Kg6 Qxc3 48. Qf7+ Kc6 49. Qe6+ Kb5 50. Qd7+ Ka5 51. Qd5+ Kb4 52. e6 Qg3+ 53. Kf7 Qf4+ 54. Ke8 Qb8+ 55. Qd8 Qb5+ 56. Qd7 Qh5+ 57. Kd8 Qa5+ 58. Qc7 Qd5+ 59. Ke7 Qg5+ 60. Kd7 Qg4 61. Qd6+ Kb3 62. Qd5+ Ka3 63. Kc7 Qg7+ 64. Kc6 Qf6 65. Qd6+ Ka2 66. e7 Qc3+ 67. Kd7 Qh3+ 68. Qe6+ 1-0


[Site "https://www.chess.com"]

[Event "Titled Tuesday Blitz August 31 2021"]
[White "Krysa, Leandro"]
[Black "Dobrov, Vladimir"]
[WhiteFideId "116807"]
[BlackFideId "4136594"]
[WhiteElo "2490"]
[BlackElo "2614"]
[Result "0-1"]
[Round "09"]
[TimeControl "180+1"]
[Date "2021.08.31"]
[WhiteClock "0:00:01"]
[BlackClock "0:00:05"]

1. e4 c5 2. Nf3 Nc6 3. d4 cxd4 4. Nxd4 Qb6 5. Nb3 Nf6 6. Nc3 e6 7. Be3 Qc7 8. Be2 a6 9. a3 h5 10. f4 d6 11. Qd2 b5 12. O-O Be7 13. Rad1 Rb8 14. Kh1 b4 15. axb4 Rxb4 16. Nd5 exd5 17. exd5 Rxb3 18. cxb3 Nb8 19. Rc1 Qb7 20. Bc4 Bf5 21. Ra1 O-O 22. Bd4 Re8 23. Rfe1 Ne4 24. Qa5 Bh4 25. g3 Bd8 26. Qa4 Bd7 27. Qa2 f5 28. Qb1 Bb5 29. Qd1 g6 30. Bc3 Nd7 31. Qd4 Bf6 32. Qg1 Kf7 33. Re2 Nb6 34. Bxb5 axb5 35. Bxf6 Kxf6 36. Rd1 Kf7 37. Qg2 Nd7 38. Qf3 Ndf6 39. Qd3 b4 40. Kg2 Rc8 41. Rc2 Rxc2+ 42. Qxc2 Nxd5 43. Qc4 Nf6 44. Kh3 Kg7 45. Qd4 Qc6 46. Re1 Qd7 47. Qd3 Qf7 48. Qd4 Kh7 49. Rc1 Ne7 50. Rc7 Qe6 51. Qa7 Nd5 52. Qb7 Qe4 53. Rxe7+ Nxe7 54. Qd7 Kg7 55. Qe8 Qe2 56. Qd7 Kf7 57. Kh4 Qxh2+ 58. Kg5 Qxg3+ 59. Kh6 Qxf4+ 60. Kh7 Qe5 61. Qe8+ Kxe8 0-1


[Site "https://www.chess.com"]

[Event "Titled Tuesday Blitz August 31 2021"]
[White "Le, Tuan Minh"]
[Black "Indjic, Aleksandar"]
[WhiteFideId "12401153"]
[BlackFideId "911925"]
[WhiteElo "2450"]
[BlackElo "2643"]
[Result "1-0"]
[Round "09"]
[TimeControl "180+1"]
[Date "2021.08.31"]
[WhiteClock "0:00:10"]
[BlackClock "0:00:14"]

1. d4 g6 2. Nf3 Bg7 3. c3 d6 4. Bg5 Nd7 5. e4 f6 6. Be3 e5 7. Bc4 Nh6 8. h4 Qe7 9. Nbd2 Ng4 10. Qe2 h5 11. Bb3 Nb6 12. dxe5 dxe5 13. O-O-O Nxe3 14. Qxe3 Be6 15. Kb1 O-O-O 16. Qe2 Bh6 17. Nc4 c6 18. Nfd2 Kc7 19. f3 Bc8 20. Nxb6 axb6 21. Nc4 b5 22. Ne3 Rxd1+ 23. Rxd1 Be6 24. Bxe6 Qxe6 25. Nc2 Rd8 26. Rxd8 Kxd8 27. b3 Kc7 28. Kb2 Qd6 29. c4 b4 30. Qf2 Bd2 31. Qe2 Bc3+ 32. Kb1 Qc5 33. Qe3 Qxe3 34. Nxe3 Be1 35. Nc2 Bxh4 36. Nxb4 f5 37. Kc2 fxe4 38. fxe4 g5 39. Kd1 g4 40. Ke2 Bg3 41. Nc2 Kd6 42. Ne3 Kc5 43. a3 Bf4 44. Nc2 h4 45. Kf2 h3 46. gxh3 gxh3 47. Kf3 b6 48. Kf2 Kd6 49. Kf3 Ke6 50. Ne1 Bc1 51. a4 Bf4 52. Nd3 c5 53. Nf2 h2 54. Kg2 Kd6 55. Ng4 Kc6 56. Nxh2 Kb7 57. Ng4 Ka6 58. Nf6 Kb7 59. Nd5 Bd2 60. Kf3 Kc6 61. Kg4 Bc1 62. Kf5 Bb2 63. Ke6 Ba1 64. Ne7+ Kb7 65. Ng6 Ka6 66. Nxe5 Ka5 67. Nc6+ Ka6 68. e5 Kb7 69. Kd7 Bb2 70. e6 Bf6 71. e7 Bxe7 72. Nxe7 Ka6 73. Kc6 b5 74. axb5+ Ka5 75. b6 Kb4 76. b7 1-0


[Site "https://www.chess.com"]

[Event "Titled Tuesday Blitz August 31 2021"]
[White "Liyanage, Ranindu Dilshan"]
[Black "Yordanov, Nikolay Plamenov"]
[WhiteFideId "9915834"]
[BlackFideId "2907445"]
[WhiteElo "1839"]
[BlackElo "2248"]
[Result "0-1"]
[Round "09"]
[TimeControl "180+1"]
[Date "2021.08.31"]
[WhiteClock "0:00:23"]
[BlackClock "0:00:29"]

1. e4 c5 2. Nf3 Nc6 3. d4 cxd4 4. Nxd4 Nf6 5. Nc3 e5 6. Ndb5 d6 7. Nd5 Nxd5 8. exd5 Nb8 9. c4 Be7 10. Be2 O-O 11. O-O a6 12. Nc3 Nd7 13. Be3 f5 14. f4 exf4 15. Bxf4 Qb6+ 16. Kh1 Qxb2 17. Rf3 Qb6 18. Rb1 Qc7 19. Rh3 Bf6 20. Bf1 Ne5 21. Qh5 g6 22. Qe2 Ng4 23. Na4 Bd7 24. Nb6 Rae8 25. Qc2 Bd4 26. Rhb3 Nf2+ 27. Kg1 Nh3+ 28. Kh1 Nxf4 29. Nxd7 Qxd7 30. Rxb7 Qd8 31. Qd2 Be5 32. c5 dxc5 33. Bc4 Bd6 34. g3 Nh5 35. R1b6 Re7 36. Qb2 Rxb7 37. Rxb7 Nf6 38. Qa3 Qe8 39. Qxa6 Qe1+ 40. Kg2 Qe4+ 41. Kg1 Qd4+ 42. Kg2 Ne4 43. Qa7 Qd2+ 44. Kh1 Qh6 45. Rd7 Nxg3+ 46. Kg2 Ne4 47. Bd3 Qxh2+ 48. Kf1 Qf2# 0-1


[Site "https://www.chess.com"]

[Event "Titled Tuesday Blitz August 31 2021"]
[White "Ljukin, Sergei"]
[Black "Borsuk, Konstantin"]
[WhiteFideId "14102200"]
[BlackFideId "14113406"]
[WhiteElo "2309"]
[BlackElo "2382"]
[Result "0-1"]
[Round "09"]
[TimeControl "180+1"]
[Date "2021.08.31"]
[WhiteClock "0:00:01"]
[BlackClock "0:00:25"]

1. e4 e6 2. d4 d5 3. Nc3 Bb4 4. e5 b6 5. Qg4 Bf8 6. Nb5 a6 7. Na3 c5 8. c3 cxd4 9. cxd4 Ne7 10. Bd3 Nf5 11. Nf3 h5 12. Qh3 Bb4+ 13. Bd2 Bxd2+ 14. Kxd2 Kd7 15. Rhc1 g6 16. Rc2 Nc6 17. Rac1 Bb7 18. Bxf5 gxf5 19. g3 Rc8 20. Nb1 Qe7 21. a3 Na5 22. Rxc8 Bxc8 23. Ke1 Nc4 24. Rc2 a5 25. Qh4 Qf8 26. Qf6 Rh6 27. Qg5 Ba6 28. b3 Rg6 29. Qc1 Rg4 30. bxc4 Re4+ 31. Re2 Bxc4 32. Rxe4 fxe4 33. Nfd2 Bd3 34. Qb2 b5 35. Nc3 Qb8 36. Nf1 Qb6 37. Ne2 Qc7 38. Nf4 Bc4 39. Nxh5 Bxf1 40. Kxf1 Qc4+ 41. Kg2 b4 42. axb4 axb4 0-1


[Site "https://www.chess.com"]

[Event "Titled Tuesday Blitz August 31 2021"]
[White "Maksimovic, Bojan"]
[Black "Holt, Conrad"]
[WhiteFideId "14408120"]
[BlackFideId "2034387"]
[WhiteElo "2439"]
[BlackElo "2586"]
[Result "0-1"]
[Round "09"]
[TimeControl "180+1"]
[Date "2021.08.31"]
[WhiteClock "0:00:01"]
[BlackClock "0:00:43"]

1. e4 e6 2. d4 d5 3. exd5 exd5 4. Bd3 Nc6 5. c3 Bd6 6. Ne2 Qh4 7. g3 Qh5 8. Nf4 Qxd1+ 9. Kxd1 Nf6 10. f3 Bd7 11. Ne2 O-O-O 12. Bf4 Bxf4 13. Nxf4 g5 14. Ne2 h5 15. Nd2 h4 16. g4 Rde8 17. Kc2 Re3 18. Raf1 Rhe8 19. Rf2 Na5 20. b3 b6 21. Rd1 c5 22. Nf1 R3e7 23. Ba6+ Kc7 24. dxc5 bxc5 25. Nc1 c4 26. Kb2 Re6 27. b4 Ba4 28. Rdd2 Rb8 29. Ka1 Re1 30. Rc2 Bxc2 31. Rxc2 Rxf1 32. bxa5 Nd7 33. a4 Nc5 34. Bb5 a6 0-1


[Site "https://www.chess.com"]

[Event "Titled Tuesday Blitz August 31 2021"]
[White "Manukyan, Artyom"]
[Black "Skliarov, Viktor"]
[WhiteFideId "13305786"]
[BlackFideId "14106736"]
[WhiteElo "2034"]
[BlackElo "2281"]
[Result "1-0"]
[Round "09"]
[TimeControl "180+1"]
[Date "2021.08.31"]
[WhiteClock "0:01:41"]
[BlackClock "0:00:03"]

1. e4 c5 2. Nc3 Nc6 3. Bb5 Nd4 4. Nf3 g6 5. Nxd4 cxd4 6. Ne2 Bg7 7. O-O a6 8. Ba4 b5 9. Bb3 Bb7 10. d3 d5 11. f3 e6 12. Qe1 Ne7 13. Qh4 O-O 14. Bh6 Bxh6 15. Qxh6 e5 16. Rae1 Qd6 17. Ng3 dxe4 18. fxe4 Kh8 19. Nh5 Rg8 20. Rxf7 1-0


[Site "https://www.chess.com"]

[Event "Titled Tuesday Blitz August 31 2021"]
[White "Martinovsky, Ian"]
[Black "Sargsyan, Anna M."]
[WhiteFideId "2603314"]
[BlackFideId "13308130"]
[WhiteElo "2258"]
[BlackElo "2263"]
[Result "0-1"]
[Round "09"]
[TimeControl "180+1"]
[Date "2021.08.31"]
[WhiteClock "0:01:43"]
[BlackClock "0:02:15"]

1. g3 d5 2. Bg2 Nf6 3. f4 c5 4. Nf3 Nc6 5. O-O b6 6. d3 Bb7 7. Nc3 e6 8. e4 Be7 9. e5 Nd7 10. g4 a6 11. Qe1 Qc7 12. Kh1 O-O-O 13. a4 Kb8 14. Bd2 Rhe8 15. Qg3 f6 16. exf6 Bxf6 17. g5 Bxc3 18. Bxc3 d4 19. Bd2 Ne7 20. a5 b5 21. b4 Nf5 22. Qf2 cxb4 23. Bxb4 Qxf4 24. Rae1 Ne3 25. Rxe3 dxe3 26. Qe2 Qxb4 27. c3 Qxa5 0-1


[Site "https://www.chess.com"]

[Event "Titled Tuesday Blitz August 31 2021"]
[White "Materia, Marco"]
[Black "Franca, Willian Bento"]
[WhiteFideId "45150451"]
[BlackFideId "2158850"]
[WhiteElo "2659"]
[BlackElo "2122"]
[Result "1-0"]
[Round "09"]
[TimeControl "180+1"]
[Date "2021.08.31"]
[WhiteClock "0:01:13"]
[BlackClock "0:00:04"]

1. d4 Nf6 2. c4 g6 3. Nc3 Bg7 4. e4 O-O 5. Nf3 d6 6. Be2 c6 7. O-O a6 8. Bg5 b5 9. Re1 b4 10. Bxf6 Bxf6 11. Na4 e5 12. dxe5 dxe5 13. a3 Qe7 14. Qb3 Nd7 15. axb4 Rb8 16. b5 axb5 17. cxb5 cxb5 18. Nc3 Nc5 19. Qc2 Be6 20. Nxb5 Rfc8 21. Ra7 Qf8 22. Nc3 Nb3 23. Qd1 Nd4 24. Nxd4 exd4 25. Nd5 Bxd5 26. exd5 Rxb2 27. Bg4 Rcc2 28. Rf1 Kg7 29. Be6 Be7 30. Qxd4+ Kg8 31. d6 Rd2 32. dxe7 Qb8 33. Bxf7+ Kxf7 34. e8=Q+ Kxe8 35. Qh8# 1-0


[Site "https://www.chess.com"]

[Event "Titled Tuesday Blitz August 31 2021"]
[White "Mezentsev, Ivan"]
[Black "Timmermans, Mark"]
[WhiteFideId "13706195"]
[BlackFideId "1026399"]
[WhiteElo "2295"]
[BlackElo "2460"]
[Result "0-1"]
[Round "09"]
[TimeControl "180+1"]
[Date "2021.08.31"]
[WhiteClock "0:00:01"]
[BlackClock "0:00:42"]

1. d4 Nf6 2. Nf3 e6 3. Bf4 d5 4. e3 Bd6 5. Bg3 O-O 6. Nbd2 Ne4 7. Nxe4 dxe4 8. Nd2 f5 9. Be2 a6 10. O-O Nc6 11. c4 Bxg3 12. hxg3 e5 13. d5 Nb8 14. b4 a5 15. bxa5 Rxa5 16. Nb3 Ra8 17. c5 Bd7 18. Bc4 Ba4 19. Qd2 Na6 20. Rac1 Kh8 21. Rfd1 Rf6 22. Qa5 Bxb3 23. Bxb3 Rh6 24. d6 c6 25. Qxd8+ Rxd8 26. a3 Rf6 27. Rd2 g6 28. Rb2 Kg7 29. Ba4 b5 30. cxb6 Rdxd6 31. b7 Nb8 32. Bd1 Rd5 33. a4 Rfd6 34. Be2 Ra5 35. Rc4 Kf6 36. f3 exf3 37. gxf3 Ke7 38. Kf2 Kd8 39. g4 fxg4 40. Rxg4 Kc7 41. Rh4 h5 42. Re4 Rd8 43. f4 Nd7 44. fxe5 Nxe5 45. Rf4 Rb8 46. Rfb4 Nd7 47. Bd3 g5 48. Rd4 Nc5 49. Bc2 Rxb7 50. Rxb7+ Nxb7 51. Re4 Rc5 52. Bd3 Rc3 53. Ke2 Nc5 54. Rc4 Rxc4 55. Bxc4 Nxa4 56. Bf7 h4 57. Kf3 Kd6 58. Kg4 Ke5 59. Bc4 Nb6 60. Bf1 Kf6 0-1


[Site "https://www.chess.com"]

[Event "Titled Tuesday Blitz August 31 2021"]
[White "Mikhailovsky, Vladimir"]
[Black "Leenhouts, Koen"]
[WhiteFideId "34105414"]
[BlackFideId "1008439"]
[WhiteElo "2315"]
[BlackElo "2409"]
[Result "0-1"]
[Round "09"]
[TimeControl "180+1"]
[Date "2021.08.31"]
[WhiteClock "0:00:48"]
[BlackClock "0:00:45"]

1. e4 e5 2. Nc3 Nf6 3. g3 d5 4. exd5 Nxd5 5. Bg2 Nxc3 6. bxc3 Bd6 7. Nf3 O-O 8. O-O Bg4 9. d3 Nc6 10. Rb1 Rb8 11. h3 Bh5 12. g4 Bg6 13. Ng5 h6 14. Ne4 f5 15. Ng3 fxg4 16. hxg4 Bc5 17. Qe2 Qh4 18. d4 Bd6 19. d5 Ne7 20. Be4 Bc5 21. Kg2 Bxe4+ 22. Qxe4 Rxf2+ 23. Rxf2 Bxf2 24. Kxf2 Qh2+ 25. Qg2 Rf8+ 26. Nf5 Qh4+ 27. Qg3 Nxf5 28. gxf5 Rxf5+ 29. Kg2 Qe4+ 30. Kg1 Rf3 31. Qg2 Qe1+ 32. Kh2 Rf2 0-1


[Site "https://www.chess.com"]

[Event "Titled Tuesday Blitz August 31 2021"]
[White "Milchev, Nikolay"]
[Black "Ponikarovsky, Alexey"]
[WhiteFideId "2906090"]
[BlackFideId "4122887"]
[WhiteElo "2449"]
[BlackElo "1944"]
[Result "0-1"]
[Round "09"]
[TimeControl "180+1"]
[Date "2021.08.31"]
[WhiteClock "0:00:33"]
[BlackClock "0:00:54"]

1. Nf3 d5 2. c4 e6 3. g3 Nf6 4. Bg2 Be7 5. O-O O-O 6. d4 b6 7. Nc3 Bb7 8. Bf4 dxc4 9. Qa4 Nbd7 10. Rfd1 h6 11. Qxc4 Rc8 12. Ne5 Bxg2 13. Kxg2 Nxe5 14. Bxe5 Nd5 15. e4 Nxc3 16. bxc3 Bf6 17. Bxf6 Qxf6 18. Qc6 Qe7 19. e5 Rfd8 20. a4 a5 21. c4 f6 22. exf6 Qxf6 23. Qe4 Re8 24. Ra3 Rcd8 25. Rf3 Qe7 26. Qg6 Rf8 27. Rxf8+ Rxf8 28. Re1 Rf6 29. Qe4 Qd6 30. Re2 Qd7 31. Ra2 Qf7 32. f4 Qd7 33. Qe5 Qc6+ 34. Kg1 Qxc4 35. Re2 Qxa4 36. Qxc7 Qxd4+ 37. Kf1 Qc5 38. Qd8+ Kh7 39. Qd3+ Qf5 40. Qd4 b5 41. Re5 Qb1+ 42. Kg2 Qc2+ 43. Kh3 Rf5 44. g4 Rxe5 45. Qxe5 Qd3+ 46. Kh4 Qd5 47. Qb2 g5+ 48. fxg5 Qxg5+ 49. Kg3 Qe3+ 50. Kh4 Qe1+ 51. Kh5 Qe4 52. Qf6 Qd5+ 53. Kh4 Qg5+ 54. Qxg5 hxg5+ 55. Kxg5 a4 56. Kf4 a3 57. Ke3 a2 58. Kd2 a1=Q 0-1


[Site "https://www.chess.com"]

[Event "Titled Tuesday Blitz August 31 2021"]
[White "Mokshanov, Alexey"]
[Black "Kozak, Antoni"]
[WhiteFideId "24121657"]
[BlackFideId "21832030"]
[WhiteElo "2262"]
[BlackElo "2289"]
[Result "1-0"]
[Round "09"]
[TimeControl "180+1"]
[Date "2021.08.31"]
[WhiteClock "0:00:16"]
[BlackClock "0:00:15"]

1. e4 c6 2. d4 d5 3. e5 Bf5 4. h4 a6 5. g4 Bd7 6. Be3 e6 7. f4 Qb6 8. b3 h5 9. gxh5 Nh6 10. Nf3 c5 11. c3 Bb5 12. dxc5 Bxc5 13. Bxc5 Qxc5 14. Qd4 Qc7 15. Bxb5+ axb5 16. Qb4 Ra5 17. Nd4 Qb6 18. Nd2 Na6 19. Qd6 Qxd6 20. exd6 b4 21. c4 Kd7 22. Rg1 Rh7 23. Nb5 dxc4 24. bxc4 Nc5 25. Nf3 f6 26. Ke2 Nf5 27. a4 Rxa4 28. Rxa4 Nxa4 29. Rb1 Nxd6 30. Rxb4 Nxb5 31. Rxb5 Nc5 32. Rxc5 Kd6 33. Rb5 Kc6 34. Nd4+ Kd6 35. Kd3 e5 36. fxe5+ fxe5 37. Nf5+ Ke6 38. Ng3 Rh8 1-0


[Site "https://www.chess.com"]